 Dungeon Crawl Stone Soup version 0.26-a0-84-g8c18429211 (webtiles) character file.

Game seed: 15235677134166333295

158 Pixllover the Chopper (level 5, -1/47 HPs)
             Began as a Minotaur Berserker on June 19, 2020.
             Was a Believer of Trog.
             Slain by a gnoll
             ... wielding a cursed -1 spear
              (4 damage)
             ... on level 4 of the Dungeon.
             The game lasted 00:06:19 (2933 turns).

Pixllover the Chopper (Minotaur Berserker)          Turns: 2933, Time: 00:06:19

Health: -1/47      AC:  6    Str: 23    XL:     5   Next: 16%
Magic:  4/4        EV:  8    Int:  4    God:    Trog [**....]
Gold:   132        SH:  7    Dex:  9    Spells: 4/4 levels left

rFire    . . .     SeeInvis .   e - +1 short sword (vamp)
rCold    . . .     Gourm    .   o - +0 kite shield
rNeg     . . .     Faith    .   l - +0 scale mail
rPois    .         Spirit   .   (helmet restricted)
rElec    .         Reflect  .   (no cloak)
rCorr    .         Harm     .   (no gloves)
MR       .....                  (no boots)
Stlth    ..........             (no amulet)
HPRegen  0.15/turn              f - ring of flight
MPRegen  0.09/turn              (no ring)

@: no status effects
A: retaliatory headbutt, horns 2
a: Berserk, Trog's Hand, Renounce Religion, Evoke Flight


You were on level 4 of the Dungeon.
You worshipped Trog.
Trog was pleased with you.
You were not hungry.

You visited 1 branch of the dungeon, and saw 4 of its levels.

You collected 132 gold pieces.

Inventory:

Hand Weapons
 a - a +0 hand axe
 e - a +1 vampiric short sword (weapon)
Missiles
 b - 2 curare-tipped darts (quivered)
Armour
 k - a +0 ring mail
 l - a +0 scale mail (worn)
 o - a +0 kite shield (worn)
Jewellery
 d - an uncursed amulet of reflection {unknown}
 f - a ring of flight (left hand)
Wands
 n - a wand of digging (4)
 q - a wand of iceblast (8)
Scrolls
 j - a scroll of enchant armour {unknown}
 m - 2 scrolls of enchant weapon
 p - a scroll of fear {unknown}
Potions
 g - a potion of heal wounds {unknown}
 h - a potion of haste {unknown}
 i - a potion of curing {unknown}
 s - a potion of invisibility {unknown}
Comestibles
 c - 5 rations


   Skills:
 + Level 4.6 Fighting
 + Level 2.5 Short Blades
 + Level 4.7 Axes
 + Level 3.0 Armour
 + Level 2.6 Dodging
 + Level 1.1 Stealth
 + Level 0.2 Shields


You had 4 spell levels left.
You didn't know any spells.
Your spell library was empty.

Dungeon Overview and Level Annotations

Branches:
Dungeon (4/15)
 Temple: D:4-7

Altars:
Dithmenos
Elyvilon
Ru
Sif Muna
Trog
Vehumet


Innate Abilities, Weirdness & Mutations

You reflexively headbutt those who attack you in melee.
You have a pair of horns on your head.


Message History

The orc wizard hits you but does no damage.
You closely miss the orc wizard.
The orc wizard is severely wounded.
The orc wizard hits you with a +0 dagger.
The gnoll shaman hits you with a +0 whip.
You barely miss the orc wizard. Your headbutt misses the orc wizard.
The orc wizard is severely wounded.
You block the gnoll's attack.
The gnoll hits you from afar with a cursed -1 spear.
You block the orc wizard's attack. You block the gnoll shaman's attack.
You hit the orc wizard. Your headbutt misses the orc wizard.
The orc wizard is almost dead.
The gnoll hits you but does no damage.
The orc wizard gestures at you while chanting.
The puff of flame hits you!
* * * LOW HITPOINT WARNING * * *
The gnoll shaman hits you with a +0 whip.
* * * LOW HITPOINT WARNING * * *
The gnoll hits you from afar with a cursed -1 spear.
You die... #..# #..# #..# .g. .. #oZ

..? #g# ...
#g#
##.####g#
......o@#
..##..#.##
#.....#
#..<..#
#..#...#
..(####....#
#..# ....#
#.. ......
... .######


You could see a gnoll shaman, an orc wizard, 3 gnolls, an orc and a leopard
gecko skeleton.

Vanquished Creatures
  Jessica (D:3)
  Ijyb (D:3)
  An orc wizard (D:4)
  2 adders
  2 adder zombies (D:2)
  2 worms
  A leopard gecko (D:3)
  An orc (D:4)
  A bat zombie (D:2)
  3 goblins
  6 hobgoblins
  3 jackals (D:3)
  7 kobolds
  A ball python zombie (D:2)
  10 bats
  A frilled lizard (D:1)
  A giant cockroach zombie (D:2)
  A jackal skeleton (D:2)
  A quokka zombie (D:2)
  6 rats
52 creatures vanquished.

Vanquished Creatures (others)
  A hobgoblin (D:3)
1 creature vanquished.

Grand Total: 53 creatures vanquished

Notes
Turn   | Place    | Note
-------+----------+-------------------------------------------
     0 | D:1      | Pixllover the Minotaur Berserker began the quest for the
                  | Orb.
     0 | D:1      | Reached XP level 1. HP: 19/19 MP: 0/0
   532 | D:1      | Reached XP level 2. HP: 27/27 MP: 1/1
   617 | D:2      | Found a shadowy altar of Dithmenos.
   991 | D:2      | Found a white marble altar of Elyvilon.
   995 | D:2      | Found a radiant altar of Vehumet.
  1147 | D:2      | Reached XP level 3. HP: 33/33 MP: 2/2
  1543 | D:2      | Noticed a moth of wrath
  1549 | D:2      | Found a bloodstained altar of Trog.
  1563 | D:2      | HP: 2/51 [rat (1)]
  1564 | D:2      | Reached ** piety under Trog
  2328 | D:3      | Reached skill level 1 in Short Blades
  2328 | D:3      | Reached XP level 4. HP: 41/41 MP: 3/3
  2362 | D:3      | Noticed Ijyb
  2391 | D:3      | Killed Ijyb
  2646 | D:3      | Noticed Jessica
  2651 | D:3      | Killed Jessica
  2661 | D:3      | Found a shimmering blue altar of Sif Muna.
  2776 | D:3      | Found a sacrificial altar of Ru.
  2927 | D:4      | Reached skill level 1 in Stealth
  2927 | D:4      | Reached XP level 5. HP: 30/47 MP: 4/4
  2933 | D:4      | Slain by a gnoll

Illustrated notes

Levels and vault maps discovered:
D:1:      roderic_chinese_lattice_arrival, layout_basic,
          nicolae_ashenzari_panopticon
D:2:      layout_basic, old_standard_altar, tgw_trog,
          chequers_temple_overflow_statue_of_worship, serial_undead,
          serial_undead_d, serial_undead_f, serial_undead_f, serial_undead_e
D:3:      layout_basic, marbit_many_paths, tgw_sif, uniq_ijyb
D:4:      minmay_skewed_foursquare, layout_cave_pools, old_standard_altar,
          first_ration, serial_column_ruins, column_ruins_circle_large,
          column_ruins_grid_1, column_ruins_open_tiny_water,
          column_ruins_open_medium, column_ruins_columns_straight,
          column_ruins_columns_straight, column_ruins_grid_1

Skill      XL: |  1  2  3  4 |
---------------+-------------+-----
Axes           | 4 |  4.7
Fighting       | 4 |  4.6
Short Blades   | 1 2 |  2.5
Armour         | 3 |  3.0
Stealth        | 1 |  1.1
Dodging        | |  2.6
Shields        | |  0.2

Action                   |  1- 3 |  4- 6 || total
-------------------------+-------+-------++-------
Melee: Short sword       |    97 |    52 ||   149
       Hand axe          |     5 |       ||     5
       Headbutt          |    14 |    12 ||    26
Throw: Dart              |       |     1 ||     1
Invok: Berserk           |     1 |       ||     1
  Use: Scroll            |     3 |       ||     3
  Eat: Chunk             |     5 |     2 ||     7
Armor: Animal skin       |     9 |       ||     9
       Scale mail        |    38 |    24 ||    62
Dodge: Dodged            |    81 |     8 ||    89
Block: Kite shield       |     4 |    15 ||    19

Table legend:
 A = Non-vault XP
 B = Vault XP
 C = Vault XP percentage of total XP
 D = Non-vault monster count
 E = Vault monster count
 F = Vault count percentage of total count
                 A         B        C        D         E       F
            +---------+---------+-------+---------+---------+-------
      Total |     121 |     105 |  46.5 |      37 |      15 |  28.8
            +---------+---------+-------+---------+---------+-------
        D:1 |      14 |       0 |   0.0 |       9 |       0 |   0.0
        D:2 |      29 |      27 |  48.2 |      10 |      12 |  54.5
        D:3 |      39 |      78 |  66.7 |      16 |       3 |  15.8
        D:4 |      39 |       0 |   0.0 |       2 |       0 |   0.0
            +---------+---------+-------+---------+---------+-------
